AoeStats
← a4rkangel

Arabia

509525734Analyzed
1v1 RM · 5d ago on Sep 27, 2026· 32m 26s· 2 players
Game mode
Random Map
Map size
Tiny (2 player)
Population
200
Speed
Normal
Resources
Standard
Victory
Conquest
Starting age
Dark Age
Ending age
Imperial Age
RankedLock teamsTeams togetherTeam positionsShared explorationLock speedFull tech treeHidden civsTurbo modeCheats
Victory
Defeat
🇨🇱 Magyars · Chile
766
+18
🇺🇸 Portuguese · United States
800
-18
a4rkangel
9:56 Loom
11:42 Feudal Age
12:47 Man-at-Arms
19:33 Scale Mail Armor
23:49 Castle Age
21:51 Arson
24:00 Bloodlines
24:25 Gold Mining
24:30 Stone Mining
24:58 Husbandry
25:08 Double-Bit Axe
31:30 Bow Saw
slipoker
0:28 Loom
12:57 Feudal Age
14:20 Horse Collar
14:36 Double-Bit Axe
16:07 Town Watch
21:04 Fletching
26:07 Castle Age
27:17 Bodkin Arrow
27:26 Town Patrol
27:11 Crossbowman
31:20 Murder Holes
Connection lost

Rejoining the realm…

Still unreachable

The connection could not be restored.

Session expired

The server has moved on; the page needs a fresh start.